 Dungeon Crawl Stone Soup version 0.22-a0-537-ge9e9f76342 (webtiles) character file.

290562 Niddhogr the Unseen (level 21, -3/168 HPs)
             Began as a Formicid Fighter on June 23, 2018.
             Was an Initiate of Gozag.
             Slain by a ghostly deep elf blademaster
             ... wielding a +0 rapier of distortion
              (4 damage)
             ... on level 3 of the Elven Halls.
             The game lasted 03:02:44 (46795 turns).

Niddhogr the Unseen (Formicid Fighter)             Turns: 46795, Time: 03:02:45

Health: -3/168     AC: 14    Str: 22 (24) XL:     21   Next: 64%
Magic:  0/36       EV: 19    Int:  6      God:    Gozag
Gold:   2128       SH: 10    Dex: 26      Spells: 10/20 levels left

rFire    + . .     SeeInvis +   Y - +6 glaive (vamp)
rCold    + + .     Gourm    .   y - -1 buckler of Dithmenos's Delight {Regen+ Int-2 Dex+10}
rNeg     . . .     Faith    .   I - +1 scale mail {rF+}
rPois    +         Spirit   +   (helmet unavailable)
rElec    +         Reflect  +   A - scarf {Spirit}
rCorr    .         Harm     .   t - +0 pair of gloves {Dex+3}
MR       +++..                  J - +0 pair of boots
Stlth    +++++++...             Z - amulet of Pelilig {Reflect rC+ SH+2}
HPRegen  0.78/turn              z - ring of Reimbursement {-Tele rElec rC+ MR+ Str+4}
MPRegen  0.25/turn              n - ring of Yriri {rPois MP+9 Slay+3}

@: lethally poisoned (-3 -> -3), gold aura
A: permanent stasis, dig shafts and tunnels, four strong arms, antennae 3,
[clumsy 2], [deterioration 2], [screaming 2], [weak 2], [no potion heal 2],
subdued magic 2[+1]
}: 2/15 runes: decaying, serpentine
a: Dig, Shaft Self, Potion Petition, Call Merchant, Bribe Branch, Renounce
Religion


You were on level 3 of the Elven Halls.
You worshipped Gozag.
Gozag was most pleased with you.
You were very hungry.

You visited 8 branches of the dungeon, and saw 36 of its levels.
You visited the Abyss 1 time.
You also visited: Sewer.

You collected 14887 gold pieces.
You spent 3813 gold pieces at shops.
You paid 8946 gold pieces to Gozag.

Inventory:

Hand Weapons
 i - a +0 bardiche
 Y - a +6 vampiric glaive (weapon)
Missiles
 X - 2 throwing nets (quivered)
Armour
 t - a +0 pair of gloves of dexterity (worn)
 y - the -1 buckler of Dithmenos's Delight (worn) {Regen+ Int-2 Dex+10}
   (You bought it in a shop on level 2 of the Orcish Mines)

   It affects your intelligence (-2).
   It affects your dexterity (+10).
   It increases your rate of regeneration.
 A - a scarf of spirit shield (worn)
 I - a +1 scale mail of fire resistance (worn)
 J - a +0 pair of boots (worn)
Jewellery
 n - the ring of Yriri (right hand) {rPois MP+9 Slay+3}
   (You bought it in a shop on level 4 of the Snake Pit)

   [ring of magical power]

   It affects your accuracy and damage with ranged weapons and melee attacks
   (+3).
   It protects you from poison.
   It affects your magic capacity (+9).
 s - an uncursed ring of see invisible {unknown}
 z - the ring of Reimbursement (left hand) {-Tele rElec rC+ MR+ Str+4}
   (You bought it in a shop on level 2 of the Orcish Mines)

   [ring of strength]

   It affects your strength (+4).
   It protects you from cold.
   It insulates you from electricity.
   It affects your resistance to hostile enchantments.
   It prevents most forms of teleportation.
 Z - the amulet of Pelilig (around neck) {Reflect rC+ SH+2}
   (You bought it in a shop on level 4 of the Snake Pit)

   [amulet of reflection]

   It shields you and reflects attacks.
   It protects you from cold.
   It affects your SH (+2).
Wands
 j - a wand of iceblast (5)
 k - a wand of clouds (3)
 p - a wand of paralysis (11)
 r - a wand of disintegration (1)
 D - a wand of scattershot (1)
 E - a wand of random effects (92)
 F - a wand of enslavement (10)
 K - a wand of flame (173)
 P - a wand of polymorph (20)
 W - a wand of acid (12)
Scrolls
 l - 3 scrolls of noise
 u - 9 scrolls of remove curse
 v - 6 scrolls of magic mapping
 C - 2 scrolls of identify
 G - 6 scrolls of enchant armour
 L - 3 scrolls of summoning
 M - 3 scrolls of holy word
 N - 7 scrolls of fog
 O - 11 scrolls of amnesia
 S - 2 scrolls of enchant weapon
 U - a scroll of immolation
 V - a scroll of torment
Potions
 a - 10 potions of curing
 b - 2 potions of ambrosia
 c - 6 potions of agility
 d - 10 potions of might
 e - 4 potions of flight
 g - 3 potions of magic
 h - 7 potions of mutation
 m - 4 potions of cancellation
 o - 4 potions of brilliance
 q - a potion of invisibility
 H - 6 potions of lignification
 R - 4 potions of resistance
Miscellaneous
 w - a fan of gales
 x - a fan of gales
Comestibles
 f - 16 rations


   Skills:
 - Level 15.0 Fighting
 + Level 19.3 Polearms
 - Level 15.0 Armour
 - Level 10.0 Dodging
 + Level 20.8 Stealth
 - Level 12.0 Shields
 - Level 6.1 Conjurations
 - Level 8.0 Evocations


You had 10 spell levels left.
You knew the following spells:

 Your Spells              Type           Power        Failure   Level  Hunger
a - Summon Butterflies    Summ           #.......     56%         1    ##.....
b - Orb of Destruction    Conj           #.........   100%        7    #######
c - Passwall              Tmut/Erth      #.......     73%         2    ###....

Your spell library contained the following spells:

 Spells                   Type           Power        Failure   Level  Hunger
 Magic Dart               Conj           #...         4%          1    ##.....
 Apportation              Tloc           #.....       56%         1    ##.....
 Conjure Flame            Conj/Fire      #.......     52%         3    ####...
 Bolt of Magma            Conj/Fire/Erth #.........   100%        5    ######.
 Slow                     Hex            #.......     73%         2    ###....
 Confuse                  Hex            #.......     92%         3    ####...
 Invisibility             Hex            #.......     100%        6    #######
 Freezing Cloud           Conj/Ice/Air   #.........   100%        6    #######
 Mephitic Cloud           Conj/Pois/Air  #.......     67%         3    ####...
 Venom Bolt               Conj/Pois      #.........   100%        5    ######.
 Blink                    Tloc           N/A          73%         2    ###....
 Animate Dead             Necr           N/A          100%        4    #####..
 Pain                     Necr           #...         56%         1    ##.....
 Animate Skeleton         Necr           N/A          56%         1    ##.....
 Vampiric Draining        Necr           #.........   92%         3    ####...
 Summon Ice Beast         Ice/Summ       #.......     100%        4    #####..
 Call Imp                 Summ           #.......     73%         2    ###....
 Regeneration             Chrm/Necr      #.........   92%         3    ####...
 Sting                    Conj/Pois      #...         17%         1    ##.....
 Tukima's Dance           Hex            #.......     92%         3    ####...
 Iron Shot                Conj/Erth      #.........   100%        6    #######
 Stone Arrow              Conj/Erth      #.....       52%         3    ####...
 Spider Form              Tmut/Pois      #.........   92%         3    ####...
 Blade Hands              Tmut           #.........   100%        5    ######.
 Statue Form              Tmut/Erth      #........    100%        6    #######
 Ice Form                 Ice/Tmut       #.......     100%        4    #####..
 Airstrike                Air            #.........   100%        4    #####..
 Shadow Creatures         Summ           N/A          100%        6    #######
 Confusing Touch          Hex            #.....       56%         1    ##.....
 Sticks to Snakes         Tmut           #.......     73%         2    ###....
 Call Canine Familiar     Summ           #.......     92%         3    ####...
 Ensorcelled Hibernation  Hex/Ice        #.....       73%         2    ###....
 Metabolic Englaciation   Hex/Ice        #.........   100%        5    ######.
 Silence                  Hex/Air        #.........   100%        5    ######.
 Shatter                  Erth           #.........   100%        9    #######
 Alistair's Intoxication  Tmut/Pois      #.......     100%        5    ######.
 Lee's Rapid Deconstruct  Erth           #.........   100%        5    ######.
 Sandblast                Erth           #.....       56%         1    ##.....
 Excruciating Wounds      Chrm/Necr      #.........   100%        5    ######.
 Petrify                  Tmut/Erth      #.......     100%        4    #####..
 Tornado                  Air            #.........   100%        9    #######
 Leda's Liquefaction      Hex/Erth       #.........   100%        4    #####..
 Summon Hydra             Summ           #.........   100%        7    #######
 Darkness                 Hex            #.........   100%        6    #######
 Beastly Appendage        Tmut           #.....       56%         1    ##.....
 Iskenderun's Battlesphe  Conj/Chrm      #.......     100%        5    ######.
 Fulminant Prism          Conj/Hex       #.........   91%         4    #####..
 Spellforged Servitor     Conj/Summ      #.........   100%        7    #######
 Summon Mana Viper        Hex/Summ       #.......     100%        5    ######.
 Gell's Gravitas          Tloc           #.........   92%         3    ####...
 Yara's Violent Unravell  Hex/Tmut       #.........   100%        5    ######.
 Lesser Beckoning         Tloc           #.........   92%         3    ####...
 Borgnjor's Vile Clutch   Necr/Erth      #.........   100%        5    ######.


Dungeon Overview and Level Annotations

Branches:
Dungeon (15/15)            Temple (1/1) D:6            Lair (6/6) D:11
  Swamp (4/4) Lair:2        Snake (4/4) Lair:4        Slime (0/5) Lair:5
    Orc (2/2) D:10            Elf (3/3) Orc:2        Vaults (0/5) D:13
 Depths (1/5) D:15

Altars:
Ashenzari
Cheibriados
Dithmenos
Fedhas
Gozag
Hepliaklqana
Kikubaaqudgha
Makhleb
Nemelex Xobeh
Okawaru
Ru
Sif Muna
Trog
Uskayaw
Vehumet
Wu Jian
Xom
Zin
The Shining One
Jiyva

Shops:
D:6 !   D:10 !   D:12 *[[(   D:14 (   Orc:1 ?   Orc:2 =%%*   Elf:1 %   Elf:2 !:
Elf:3 *:=(   Lair:4 ([   Snake:1 =   Snake:4 =

Annotations:
Lair:6 6 runed doors, Foapsoul's ghost, journeyman DEFE; Sar's ghost, journeyman DsFE; temitten's ghost, journeyman DECj
Orc:2 1 runed door, feta's ghost, journeyman HOFi
Elf:2 1 runed door


Innate Abilities, Weirdness & Mutations

You cannot be hasted, slowed, berserked, paralysed or teleported.
You can dig through walls and to a lower floor.
Your four strong arms can wield two-handed weapons with a shield.
You have a pair of large antennae on your head. (SInv)
[You are very clumsy. (Dex -4)]
[Your body often deteriorates upon taking damage.]
[You sometimes yell uncontrollably at your foes.]
[You are very weak. (Str -4)]
[Potions are poor at restoring your health.]
[Your spells are much easier to cast, but much less powerful.]


Message History

The arrow hits you!
* * * LOW HITPOINT WARNING * * *
The ghostly deep elf blademaster hits you but does no damage.
You feel a strange sense of stasis.
You block the ghostly deep elf blademaster's attack.
The starcursed mass shrieks in your mind.
* * * LOW HITPOINT WARNING * * *
Unknown command.
You slice the deep elf master archer!!
The lost soul assumes the form of the deep elf master archer and becomes anchored to this world!
The ghostly deep elf master archer shoots an arrow.
The arrow hits you.
* * * LOW HITPOINT WARNING * * *
The ghostly deep elf blademaster hits you with a rapier of distortion!!
* * * LOW HITPOINT WARNING * * *
Your body deteriorates!
You feel weakened.
You feel a strange sense of stasis.
The ghostly deep elf blademaster hits you with a rapier of distortion.
You die...
Your body crumbles into a pile of gold.

##....## #...........#
#......# ##..........#
#......# ###........(#####
#......###................
#.........)...............
#......#..##.....####.#...
########..X####### ######
#e# #@# #e# #e# {#e# #*# {
#e# {


{eeee {{{ §eee.{{ ...§e.{{{{ You could see a starcursed mass, a ghostly deep elf
blademaster, a deep elf master archer, a ghostly deep elf master archer, 2 deep
elf death magi, 2 deep elf sorcerers, 2 deep elf elementalists, a ghostly deep
elf high priest, a deep elf mage and a lost soul.

Vanquished Creatures
  Saint Roka (Orc:2)
  Jorgrun (Elf:2)
  Rupert (D:12)
  4 deep elf blademasters (Elf:3)
  A thorn hunter (Swamp:2)
  11 nagarajas
  Roxanne (Swamp:3)
  Kirke (Swamp:4)
  A fire giant (D:15)
  2 deep elf sorcerers
  A frost giant (D:15)
  An orc warlord (Orc:2)
  Louise (Elf:2)
  A deep elf elementalist (Elf:3)
  3 stone giants
  3 very ugly things (Abyss:4)
  3 deep elf annihilators
  Azrael (D:13)
  A green death (Abyss:4)
  5 deep elf death magi
  Snorg (Lair:3)
  3 jiangshi (D:15)
  Fannar (Lair:3)
  4 fire dragons
  2 rakshasas (D:15)
  An ice dragon (D:15)
  8 vault guards (D:13)
  20 naga warriors
  9 hydras
  A ghost crab (Swamp:1)
  3 two-headed ogres
  8 anacondas
  2 centaur warriors
  11 alligators
  A death knight (D:12)
  8 shock serpents
  A tengu warrior (D:14)
  14 naga sharpshooters
  A vampire mage (D:15)
  3 orc high priests (Orc:2)
  20 deep elf knights
  Sonja (Orc:2)
  Nergalle (Lair:3)
  2 wretched stars (Abyss:4)
  A fire crab (Swamp:4)
  6 salamander mystics
  A spatial maelstrom (Abyss:4)
  4 hell knights (D:15)
  2 spriggan druids (Swamp:3)
  3 sea snakes (Snake:3)
  An unseen horror (D:15)
  5 shambling mangroves
  12 deep elf archers
  12 swamp dragons
  2 large abominations
  2 naga ritualists (Snake:2)
  5 orc knights (Orc:2)
  A wolf spider zombie (D:15)
  57 deep elf magi
  2 necromancers (D:15)
  7 mana vipers
  5 orc sorcerers
  11 ugly things
  A manticore (D:14)
  A worldbinder (Abyss:4)
  A cyclops (D:15)
  13 salamanders
  28 black mambas
  An ice statue (Lair:4)
  2 guardian serpents
  3 centaur zombies
  3 elephants (Lair:6)
  19 naga magi
  Maurice (D:9)
  12 spiny frogs
  A smoke demon (Abyss:3)
  A spiny frog (shapeshifter) (Elf:1)
  A gargoyle (D:13)
  A torpor snail (Lair:4)
  Psyche (D:9)
  5 centaur skeletons
  A rime drake (Lair:6)
  A redback zombie (D:14)
  2 efreet
  A komodo dragon (Lair:5)
  A kobold demonologist (D:11)
  4 yaktaurs (D:15)
  5 trolls
  A queen bee (D:9)
  3 meliai (D:14)
  5 polar bears (Lair:6)
  10 tyrant leeches
  Grinder (D:6)
  19 hornets
  A wolf spider simulacrum (D:15)
  9 hippogriffs
  A raiju (shapeshifter) (D:15)
  25 blink frogs
  34 slime creatures
  8 bog bodies
  4 raiju (Abyss:4)
  3 dream sheep
  A meliai zombie (D:15)
  5 shadows
  55 yaks
  19 spriggans
  2 air elementals (Elf:3)
  A water elemental (Elf:1)
  A redback (shapeshifter) (Elf:1)
  2 vampires
  2 wraiths
  3 wyverns
  2 basilisks (Lair:3)
  2 hogs (Swamp:4)
  Edmund (Temple)
  9 fire elementals
  A golden eye (Abyss:4)
  A neqoxec (Abyss:4)
  6 steam dragons
  6 hungry ghosts
  15 vampire mosquitoes
  23 insubstantial wisps
  2 spatial vortices (Abyss:4)
  7 wargs
  21 swamp worms
  An acid dragon (D:14)
  A hell hound (D:13)
  74 nagas
  3 water moccasins
  A soldier ant (D:14)
  4 porcupines
  3 ice beasts
  30 orc warriors
  4 sky beasts
  3 phantoms
  9 swamp drakes
  8 black bears
  A necrophage (D:7)
  19 wolves (Lair:6)
  5 boggarts
  12 ogres
  15 crocodiles
  29 centaurs
  A small abomination (Abyss:4)
  6 big kobolds
  Blork the orc (D:5)
  16 bullfrogs
  5 earth elementals
  A wyvern skeleton (D:7)
  28 killer bees
  3 scorpions
  9 wights (D:11)
  3 howler monkeys
  A bullfrog zombie (D:12)
  5 electric eels
  10 crimson imps
  9 jellies
  A quasit (D:9)
  6 hounds
  3 bullfrog skeletons
  15 orc priests
  28 orc wizards
  8 iguanas
  Ijyb (D:4)
  7 hell rats (Lair:2)
  7 worker ants
  3 worker ant zombies
  4 gnolls (D:5)
  20 adders
  11 river rats (Sewer)
  6 shadow imps
  An ufetubus (Abyss:4)
  3 oozes
  2 adder skeletons
  3 dart slugs
  3 leopard geckos
  75 orcs
  6 ball pythons
  4 bats
  5 giant cockroaches
  10 goblins
  5 hobgoblins
  17 jackals
  4 quokkas
  7 frilled lizards
  A jackal zombie (D:8)
  37 kobolds
  A quokka zombie (D:7)
  21 rats
  2 briar patches (Swamp:2)
  A fire vortex (Swamp:4)
1378 creatures vanquished.

Vanquished Creatures (collateral kills)
  Mara (Swamp:3)
  A hydra (Lair:4)
  A polar bear (Lair:4)
  A dream sheep (Lair:4)
  2 yaks (Lair:4)
6 creatures vanquished.

Vanquished Creatures (others)
  25 dancing weapons
  A deep elf archer (Elf:3)
  2 lindwurms (Swamp:4)
  A deep elf mage (Elf:3)
  A black mamba (Snake:4)
  2 yaktaurs (Depths:1)
  3 steam dragons (Swamp:4)
  4 humans (Swamp:4)
  3 swamp drakes (Swamp:4)
  A briar patch (Swamp:2)
  A bush (Lair:4)
  4 fungi
  6 plants
  2 withered plants (Lair:6)
56 creatures vanquished.

Grand Total: 1440 creatures vanquished

Notes
Turn   | Place    | Note
-------+----------+-------------------------------------------
     0 | D:1      | Niddhogr the Formicid Fighter began the quest for the Orb.
     0 | D:1      | Reached XP level 1. HP: 18/18 MP: 1/1
   126 | D:1      | Reached skill level 1 in Stealth
   165 | D:1      | Reached XP level 2. HP: 24/24 MP: 2/2
   395 | D:1      | Reached skill level 2 in Stealth
   454 | D:1      | Reached XP level 3. HP: 29/29 MP: 3/3
  1330 | D:2      | Reached skill level 3 in Stealth
  1330 | D:2      | Reached XP level 4. HP: 35/35 MP: 4/4
  2228 | D:3      | Noticed a big kobold
  2250 | D:3      | Killed a big kobold
  2250 | D:3      | Reached skill level 4 in Stealth
  2250 | D:3      | Reached XP level 5. HP: 26/41 MP: 5/5
  2428 | D:3      | Found a snail-covered altar of Cheibriados.
  2515 | D:4      | Found a glowing drain.
  2660 | D:4      | Reached XP level 6. HP: 33/47 MP: 6/6
  2679 | Sewer    | Entered a sewer
  2766 | Sewer    | Reached skill level 5 in Stealth
  2983 | Sewer    | Reached skill level 5 in Polearms
  2983 | Sewer    | Reached skill level 6 in Stealth
  2983 | Sewer    | Reached XP level 7. HP: 45/52 MP: 7/7
  3398 | Sewer    | Got an encrusted war axe
  3399 | Sewer    | Identified the +6 war axe of the Unseen Realm {speed, Fragile Int+4 Dex+4} (You found it in a sewer)
  3645 | D:4      | Noticed Ijyb
  3657 | D:4      | Killed Ijyb
  3772 | D:4      | Found an iron altar of Okawaru.
  4164 | D:4      | Reached skill level 7 in Stealth
  4604 | D:5      | Entered Level 5 of the Dungeon
  4643 | D:3      | Reached XP level 8. HP: 52/58 MP: 8/8
  5154 | D:5      | Reached skill level 8 in Stealth
  5188 | D:5      | Noticed Blork the orc
  5200 | D:5      | Killed Blork the orc
  5639 | D:6      | Noticed Edmund
  5643 | D:6      | Found a staircase to the Ecumenical Temple.
  5672 | Temple   | Entered the Ecumenical Temple
  5707 | Temple   | Became a worshipper of Gozag Ym Sagoz the Greedy
  5716 | Temple   | Killed Edmund
  5716 | Temple   | Reached skill level 9 in Stealth
  5837 | D:6      | Found an ornate altar of the Wu Jian Council.
  5942 | D:6      | Reached XP level 9. HP: 64/64 MP: 9/9
  6125 | D:6      | Found a sacrificial altar of Ru.
  6539 | D:6      | Found Jenuag's Distillery.
  6542 | D:6      | Bought a potion of heal wounds for 65 gold pieces
  6542 | D:6      | Bought a potion of might for 52 gold pieces
  6542 | D:6      | Bought a potion of ambrosia for 104 gold pieces
  6556 | D:6      | Noticed Grinder
  6574 | D:6      | Killed Grinder
  6574 | D:6      | Reached skill level 10 in Stealth
  7101 | D:7      | Reached skill level 11 in Stealth
  7267 | D:7      | Reached skill level 1 in Evocations
  7722 | D:8      | Reached XP level 10. HP: 64/73 MP: 12/12
  7801 | D:8      | Noticed a two-headed ogre
  7840 | D:8      | Reached skill level 5 in Fighting
  7932 | D:8      | Killed a two-headed ogre
  7932 | D:8      | Reached skill level 5 in Evocations
  8991 | D:9      | Got a translucent chain mail
  9002 | D:9      | Identified the +8 chain mail "Huxzil" {*Slow rCorr Int+8} (You found it on level 9 of the Dungeon)
  9097 | D:9      | HP: 2/80 [hound (5)]
  9529 | D:9      | Reached XP level 11. HP: 79/86 MP: 16/16
  9728 | D:9      | Noticed Maurice
  9768 | D:9      | Killed Maurice
  9961 | D:9      | Noticed Psyche
  9965 | D:9      | Killed Psyche
  9965 | D:9      | Reached skill level 1 in Dodging
 10704 | D:10     | Entered Level 10 of the Dungeon
 10947 | D:10     | Reached skill level 10 in Fighting
 10980 | D:10     | Found a staircase to the Orcish Mines.
 11367 | D:10     | Reached skill level 5 in Shields
 11832 | D:10     | Bought a potion of heal wounds for 70 gold pieces
 11832 | D:10     | Bought a potion of heal wounds for 70 gold pieces
 11917 | D:11     | Reached skill level 5 in Dodging
 11918 | D:11     | Found a staircase to the Lair.
 12374 | D:11     | Reached XP level 12. HP: 97/97 MP: 18/18
 12485 | D:11     | Learned a level 1 spell: Summon Butterflies
 12493 | D:11     | Learned a level 7 spell: Orb of Destruction
 13448 | D:11     | Reached skill level 12 in Stealth
 13860 | D:12     | Found Giuv's Armour Boutique.
 13887 | D:12     | Reached skill level 10 in Polearms
 13915 | D:12     | Found Wieth's Weapon Shop.
 14160 | D:12     | Noticed Rupert
 14178 | D:12     | You fall through a shaft for 2 floors!
 14546 | D:14     | Noticed a centaur warrior
 14563 | D:14     | Killed a centaur warrior
 14563 | D:14     | Reached skill level 13 in Stealth
 14925 | D:12     | Found Raugamu's Distillery.
 14927 | D:12     | Noticed a death knight
 15249 | D:12     | Found Cadwaur's Antique Armour Boutique.
 15353 | D:12     | Identified the Grimoire of Ashen Enhancements
 15431 | D:12     | Reached XP level 13. HP: 57/103 MP: 19/19
 15999 | D:12     | Found Qanofri's General Store.
 16006 | D:12     | Bought a wand of paralysis (10) for 156 gold pieces
 16874 | D:13     | Found a gate to the Vaults.
 16874 | D:13     | Noticed a vault guard
 16874 | D:13     | Noticed a vault guard
 16874 | D:13     | Noticed a vault guard
 16874 | D:13     | Noticed a vault guard
 16874 | D:13     | Noticed a vault guard
 16875 | D:13     | Noticed a vault guard
 16875 | D:13     | Noticed a vault guard
 16875 | D:13     | Noticed a vault guard
 16893 | D:13     | Killed a vault guard
 16893 | D:13     | Reached skill level 14 in Stealth
 16894 | D:13     | Killed a vault guard
 16895 | D:13     | Killed a vault guard
 16895 | D:13     | Killed a vault guard
 16897 | D:13     | Killed a vault guard
 16897 | D:13     | Killed a vault guard
 16897 | D:13     | Killed a vault guard
 16907 | D:13     | Killed a vault guard
 16907 | D:13     | Reached skill level 15 in Stealth
 17314 | D:13     | Noticed Azrael
 17320 | D:13     | Reached skill level 1 in Conjurations
 17321 | D:13     | Killed Azrael
 18016 | Lair:1   | Entered Level 1 of the Lair of Beasts
 18069 | Lair:1   | Noticed a four-headed hydra
 18372 | Lair:1   | Killed a four-headed hydra
 18372 | Lair:1   | Reached skill level 5 in Armour
 19052 | Lair:1   | Noticed a four-headed hydra
 19087 | Lair:1   | Reached XP level 14. HP: 59/110 MP: 20/20
 20051 | Lair:2   | Reached skill level 5 in Conjurations
 20512 | Lair:2   | Found a staircase to the Swamp.
 21123 | Lair:3   | Noticed Snorg
 21260 | Lair:3   | Noticed Fannar
 21552 | Lair:4   | Bought a jewelled trident for 323 gold pieces
 21552 | Lair:4   | Identified the +7 trident of Oxenu {freeze, Int+2} (You bought it in a shop on level 4 of the Lair of Beasts)
 21665 | Lair:4   | Found a staircase to the Snake Pit.
 21736 | Lair:4   | Found a radiant altar of Vehumet.
 22793 | Lair:3   | Noticed Nergalle
 22836 | Lair:3   | Killed Nergalle
 23725 | Lair:5   | Found a viscous altar of Jiyva.
 23725 | Lair:5   | Found a staircase to the Slime Pits.
 24293 | Lair:6   | Entered Level 6 of the Lair of Beasts
 24311 | Lair:6   | Found a burning altar of Makhleb.
 24392 | Lair:6   | Found a runed gate.
 24393 | Lair:6   | Found a runed gate.
 24394 | Lair:6   | Found a runed gate.
 24395 | Lair:6   | Noticed temitten's ghost (journeyman DECj)
 24395 | Lair:6   | Noticed Sar's ghost (journeyman DsFE)
 24396 | Lair:6   | Noticed Foapsoul's ghost (journeyman DEFE)
 24396 | Lair:6   | Noticed Foapsoul's ghost (journeyman DEFE)
 24397 | Lair:6   | Found the +8 demon blade "Bloodbane" {slice, *Rage +Rage Stlth-}
 25085 | Lair:6   | Reached XP level 15. HP: 107/115 MP: 21/21
 25461 | Lair:6   | Reached skill level 10 in Armour
 25928 | Lair:6   | Found a burning altar of Makhleb.
 25962 | Lair:6   | Found a runed gate.
 25963 | Lair:6   | Found a runed gate.
 25964 | Lair:6   | Found a runed gate.
 26313 | Lair:4   | Bought a pair of embroidered gloves for 202 gold pieces
 26313 | Lair:4   | Bought a polished chain mail for 256 gold pieces
 26340 | Lair:4   | Identified the +2 chain mail of Nobility {rPois MR+} (You bought it in a shop on level 4 of the Lair of Beasts)
 26456 | Lair:4   | Identified the Incunabulum of the Mountains
 26461 | Lair:4   | Learned a level 2 spell: Passwall
 26515 | Lair:3   | Killed Snorg
 27017 | D:14     | Reached skill level 16 in Stealth
 27694 | D:15     | Entered Level 15 of the Dungeon
 27718 | D:15     | Reached skill level 17 in Stealth
 28562 | D:15     | Reached skill level 18 in Stealth
 28966 | D:15     | Reached XP level 16. HP: 108/122 MP: 19/22
 29195 | D:15     | Found a staircase to the Depths.
 29425 | Depths:1 | Entered Level 1 of the Depths
 29636 | D:12     | Killed Rupert
 29811 | Lair:5   | Got a fine chain mail
 29822 | Lair:5   | Identified the +2 chain mail "Naits" {+Fly MR+ rCorr Dex+2} (You found it on level 5 of the Lair of Beasts)
 30173 | Orc:1    | Entered Level 1 of the Orcish Mines
 30341 | Orc:1    | Found Rety Hel's Magic Scroll Boutique.
 30357 | Orc:1    | Bought a scroll of identify for 30 gold pieces
 30357 | Orc:1    | Bought a scroll of identify for 30 gold pieces
 30359 | Orc:1    | Identified a scroll of acquirement
 30774 | Orc:2    | Entered Level 2 of the Orcish Mines
 30839 | Orc:2    | Found a staircase to the Elven Halls.
 30882 | Orc:2    | Noticed Sonja
 30893 | Orc:2    | Killed Sonja
 30896 | Orc:2    | Noticed Saint Roka
 31393 | Orc:2    | Found a runed door.
 31967 | Orc:2    | Found Moubb's Assorted Antiques.
 31967 | Orc:2    | Found Docwaej's Jewellery Shoppe.
 31992 | Orc:2    | Found Agudit's Food Boutique.
 31992 | Orc:2    | Found Xeus's Food Shoppe.
 31998 | Orc:2    | Bought a wand of iceblast (6) for 116 gold pieces
 31998 | Orc:2    | Bought a jewelled buckler for 275 gold pieces
 32009 | Orc:2    | Identified the -1 buckler of Dithmenos's Delight {Regen+ Int-2 Dex+10} (You bought it in a shop on level 2 of the Orcish Mines)
 32016 | Orc:2    | Bought a +4 amulet of reflection for 378 gold pieces
 32016 | Orc:2    | Bought the ring of Reimbursement {-Tele rElec rC+ MR+ Str+4} for 672 gold pieces
 32132 | Orc:2    | Killed Saint Roka
 32255 | Orc:2    | Noticed feta's ghost (journeyman HOFi)
 32331 | Elf:1    | Entered Level 1 of the Elven Halls
 33007 | Elf:1    | Reached XP level 17. HP: 131/139 MP: 21/23
 33145 | Elf:1    | Found Umodum's Food Boutique.
 33355 | Elf:1    | Reached skill level 15 in Fighting
 33709 | Elf:1    | Identified the Almanac of Conjuration and Slavery
 33809 | Elf:2    | Noticed Louise
 33840 | Elf:2    | Killed Louise
 34039 | Elf:2    | Reached skill level 15 in Polearms
 34135 | Elf:2    | Found a runed door.
 34170 | Elf:2    | Found a runed door.
 34276 | Elf:2    | Found Sacen's Distillery.
 34282 | Elf:2    | Found Poan's Book Emporium.
 34284 | Elf:2    | Bought a potion of heal wounds for 100 gold pieces
 35224 | Elf:2    | Noticed Jorgrun
 35271 | Elf:2    | Reached XP level 18. HP: 147/149 MP: 24/24
 35310 | Elf:2    | Killed Jorgrun
 35457 | Elf:3    | Entered Level 3 of the Elven Halls
 35654 | Elf:3    | Found Ecieror's Book Boutique.
 35782 | Elf:3    | Found Ecib's Jewellery Shop.
 35837 | Elf:3    | Found Wemus's Weapon Boutique.
 35894 | Elf:3    | Found Ugocko's General Store.
 36117 | Elf:3    | Noticed a deep elf blademaster
 36327 | Lair:3   | Killed Fannar
 36352 | Swamp:1  | Entered Level 1 of the Swamp
 37913 | Swamp:2  | Reached skill level 10 in Shields
 38445 | Swamp:3  | Noticed Roxanne
 38488 | Swamp:3  | Killed Roxanne
 38662 | Swamp:3  | Reached XP level 19. HP: 135/155 MP: 25/25
 38873 | Swamp:3  | Got crude ice dragon scales
 38897 | Swamp:3  | Identified the +3 ice dragon scales "Syvuty" {*Contam rElec rF- rC++ Str+6 SInv} (You acquired it on level 3 of the Swamp)
 38903 | Swamp:3  | Gained mutation: [Your spells are a little easier to cast, but a little less powerful.] [mutagenic glow]
 38936 | Swamp:3  | Noticed Mara
 38983 | Swamp:3  | Noticed Niddhogr's illusion
 38987 | Swamp:3  | Killed Mara
 39352 | Swamp:4  | Entered Level 4 of the Swamp
 39358 | Swamp:4  | Noticed Kirke
 39598 | Swamp:4  | Killed Kirke
 40312 | Swamp:4  | Got a decaying rune of Zot
 40733 | Snake:1  | Entered Level 1 of the Snake Pit
 41174 | Snake:1  | Reached skill level 10 in Dodging
 42602 | Snake:2  | Reached XP level 20. HP: 143/162 MP: 18/26
 43827 | Snake:4  | Entered Level 4 of the Snake Pit
 43948 | Snake:4  | Bought the amulet of Pelilig {Reflect rC+ SH+2} for 301 gold pieces
 43948 | Snake:4  | Bought the ring of Yriri {rPois MP+9 Slay+3} for 613 gold pieces
 44142 | Snake:4  | Reached skill level 15 in Armour
 44465 | Snake:4  | Reached skill level 19 in Stealth
 44791 | Snake:4  | Reached XP level 21. HP: 96/168 MP: 13/27
 45014 | Snake:4  | Got a serpentine rune of Zot
 45709 | D:15     | Reached skill level 20 in Stealth
 46452 | Elf:3    | Cast into level 3 of the Abyss (ghostly deep elf blademaster)
 46462 | Abyss:3  | Found a corrupted altar of Lugonu.
 46610 | Abyss:4  | Identified the Catalogue of Flying Poisoning
 46757 | Abyss:4  | Gained mutation: [Your spells are easier to cast, but less powerful.] [a neqoxec]
 46793 | Elf:3    | Escaped the Abyss
 46795 | Elf:3    | HP: 1/168 [ghostly deep elf blademaster/rapier of distortion (20)]
 46795 | Elf:3    | Slain by a ghostly deep elf blademaster

Vault maps used:
D:1:      scummos_arrival_checkerplants
D:3:      cheibrodos_thug_alley, cheibriados_altar_1
D:4:      kennysheep_goblin_castle, gup_sewer_entry_glass, okawaru_gym_becter
D:5:      first_ration, uniq_blork_the_orc
D:6:      marbit_many_paths, minmay_temple_entry_grid, serial_shops,
          nicolae_shop_window_shopping, nicolae_ru_awakened_eye, uniq_edmund,
          uniq_grinder
D:7:      grunt_ogre_cave
D:9:      minmay_misc_feat_encased, minivault_7, uniq_psyche, uniq_maurice
D:10:     minmay_orc_entry_guard_dogs
D:11:     cheibrodos_barr_body, lair_entry_dummy, small_statue_intersection
D:12:     serial_shops, shop, shop, nicolae_shop_waterfront, kennysheep_mini,
          shop, uniq_rupert
D:13:     erik_vaults_2, uniq_azrael
D:14:     eino_small_chamber_without_monster
D:15:     grunt_enter_depths_magical_seal
Temple:   kilobyte_greek_temple
Lair:1:   special_room
Lair:2:   swamp_mist_pool, ldierk_geyser, st_stairs_10,
          infiniplex_staircase_pool
Lair:3:   grunt_megastairs_5, uniq_nergalle, uniq_snorg, uniq_fannar
Lair:4:   statuecave_lemuel, minmay_snake_entry_guardpost_small, basic_altar,
          minmay_hedge_maze, serial_bayou_shore_a
Lair:5:   slime_altar_1
Lair:6:   minmay_lair_end_enchanted_forest, gammafunk_ghost_cemetery,
          basic_altar
Swamp:1:  hangedman_swamp_lotus
Swamp:2:  cheibrodos_swamp_heart_of_darkness, infiniplex_staircase_pool_2
Swamp:3:  hangedman_swamp_ruin_hall, uniq_roxanne, uniq_mara
Swamp:4:  swamp_fiery, uniq_kirke
Snake:1:  grunt_megastairs_2
Snake:3:  lemuel_fruit_tree
Snake:4:  minmay_snake_end_coiled, st_stairs_10, spider_trap,
          serial_bayou_shore_b
Orc:1:    nicolae_orc_accident_1, serial_shops, shop_statue
Orc:2:    grunt_orc_tribal_feast, ebering_ghost_inner_flame, uniq_sonja,
          uniq_saint_roka
Elf:1:    elf_arrival_001, serial_shops, shop, minmay_elf_sorcery
Elf:2:    kb_rosetta, minmay_shoptagon, uniq_jorgrun, uniq_louise
Elf:3:    minmay_elf_hall, serial_shops, shop, nicolae_shop_waterfront,
          shop_fountains, nicolae_shop_behind_doors
Depths:1: hangedman_abyss_or_decor_lesser_grid, hell_entry, pan_entry,
          eino_small_chamber_without_monster, door_vault, grunt_megastairs_3
Abyss:3:  grunt_abyss_rune_forest_and_sorcery
Abyss:4:  evilmike_abyss_rune_siren_acolytes, hangedman_eye_storm
Sewer:    sewer_minmay_treatment

Skill      XL: |  1  2  3  4  5  6  7  8  9 10 11 12 13 14 15 16 17 18 19 20 21 |
---------------+----------------------------------------------------------------+-----
Stealth        | 1 2 3 4 6 7 9 11 13 15 18 19 20 | 20.8
Polearms       | 3 4 5 6 7 9 10 12 14 16 18 19 | 19.3
Evocations     | 2 7 8 |  8.0
Fighting       | 4 8 10 14 15 | 15.0
Dodging        | 5 6 10 | 10.0
Shields        | 6 7 11 12 | 12.0
Conjurations   | 3 6 |  6.1
Armour         | 5 8 10 12 15 | 15.0

Action                   |  1- 3 |  4- 6 |  7- 9 | 10-12 | 13-15 | 16-18 | 19-21 || total
-------------------------+-------+-------+-------+-------+-------+-------+-------++-------
Melee: Trident           |   109 |    12 |       |       |  1001 |  1616 |   659 ||  3397
       Spear             |       |   207 |   501 |  1576 |   734 |       |       ||  3018
       War axe           |       |       |     6 |       |       |       |       ||     6
       Glaive            |       |       |       |       |       |       |   919 ||   919
Throw: Javelin           |       |       |       |     4 |       |       |       ||     4
       Throwing net      |       |       |       |     1 |       |       |       ||     1
Invok: Call Merchant     |       |       |       |     2 |     2 |       |     2 ||     6
       Potion Petition   |       |       |       |     1 |     2 |     3 |     2 ||     8
 Abil: Dig               |       |       |     1 |     2 |    16 |     4 |     3 ||    26
       Shaft Self        |       |       |       |     1 |       |       |       ||     1
Evoke: Wand              |       |       |     1 |    47 |    46 |    44 |    11 ||   149
       Sack of spiders   |       |       |       |       |     1 |       |       ||     1
       Fan of gales      |       |       |       |       |       |     1 |     1 ||     2
  Use: Scroll            |       |     4 |     8 |     5 |     7 |     9 |    13 ||    46
       Potion            |       |       |       |     4 |     4 |     7 |     7 ||    22
 Stab: Sleeping          |       |       |    11 |    21 |    32 |    37 |    39 ||   140
       Distracted        |       |       |       |    21 |    22 |    22 |    42 ||   107
       Paralysed         |       |       |       |    39 |     8 |       |     7 ||    54
       Invisible         |       |       |       |       |       |    10 |       ||    10
       Fleeing           |       |       |       |       |       |       |     1 ||     1
  Eat: Chunk             |     1 |     6 |     9 |       |       |       |     1 ||    17
       Ration            |       |       |     2 |     9 |    14 |    10 |     9 ||    44
Armor: Scale mail        |    39 |    67 |    86 |   256 |   153 |   147 |   160 ||   908
       Plate armour      |       |       |    17 |       |       |       |       ||    17
       Chain mail        |       |       |       |       |    73 |     2 |       ||    75
Dodge: Dodged            |    37 |    58 |   112 |   360 |   342 |   356 |   594 ||  1859
Block: Shield            |    37 |       |       |       |       |       |       ||    37
       Buckler           |     7 |    59 |   134 |   396 |   287 |   317 |   509 ||  1709
       Reflection        |       |       |       |       |       |    25 |    71 ||    96

Table legend:
 A = Spawn XP
 B = Non-spawn XP
 C = Spawn XP percentage of total XP
 D = Spawn monster count
 E = Non-spawn monster count
 F = Spawn count percentage of total count
 G = Total turns spent on level
                    A         B        C        D         E        F      G
               +---------+---------+-------+---------+---------+-------+---------
         Total |   12926 |  455981 |   2.8 |      24 |    1385 |   1.7 | 46795
               +---------+---------+-------+---------+---------+-------+---------
           D:1 |       0 |      35 |   0.0 |       0 |      22 |   0.0 |   707
           D:2 |       0 |      34 |   0.0 |       0 |       8 |   0.0 |  1389
           D:3 |       0 |     371 |   0.0 |       0 |      29 |   0.0 |   783
           D:4 |       0 |     407 |   0.0 |       0 |      27 |   0.0 |  1379
           D:5 |       0 |     395 |   0.0 |       0 |      17 |   0.0 |   599
           D:6 |       0 |     801 |   0.0 |       0 |      11 |   0.0 |   986
           D:7 |       0 |    1303 |   0.0 |       0 |      23 |   0.0 |   997
           D:8 |       0 |    3365 |   0.0 |       0 |      42 |   0.0 |  1245
           D:9 |       0 |    3632 |   0.0 |       0 |      59 |   0.0 |  1762
          D:10 |       0 |    3285 |   0.0 |       0 |      40 |   0.0 |  1224
          D:11 |       0 |    7098 |   0.0 |       0 |      54 |   0.0 |  2748
          D:12 |       0 |    7777 |   0.0 |       0 |      38 |   0.0 |  1454
          D:13 |       0 |   12700 |   0.0 |       0 |      33 |   0.0 |  1740
          D:14 |       0 |   14259 |   0.0 |       0 |      45 |   0.0 |  1828
          D:15 |       0 |   33915 |   0.0 |       0 |      70 |   0.0 |  2639
        Temple |       0 |     187 |   0.0 |       0 |       1 |   0.0 |    78
        Lair:1 |       0 |    7229 |   0.0 |       0 |      24 |   0.0 |  1706
        Lair:2 |       0 |    8564 |   0.0 |       0 |      35 |   0.0 |  1542
        Lair:3 |       0 |    4532 |   0.0 |       0 |      12 |   0.0 |  1373
        Lair:4 |       0 |    5790 |   0.0 |       0 |      29 |   0.0 |  1602
        Lair:5 |       0 |    2566 |   0.0 |       0 |      11 |   0.0 |   931
        Lair:6 |       0 |   18422 |   0.0 |       0 |      85 |   0.0 |  2008
       Swamp:1 |       0 |   10455 |   0.0 |       0 |      40 |   0.0 |   979
       Swamp:2 |       0 |   13329 |   0.0 |       0 |      32 |   0.0 |   865
       Swamp:3 |       0 |   24902 |   0.0 |       0 |      43 |   0.0 |  1142
       Swamp:4 |       0 |   21853 |   0.0 |       0 |      60 |   0.0 |  1203
       Snake:1 |       0 |   11248 |   0.0 |       0 |      23 |   0.0 |  1120
       Snake:2 |       0 |   21760 |   0.0 |       0 |      33 |   0.0 |  1154
       Snake:3 |       0 |   29831 |   0.0 |       0 |      54 |   0.0 |   874
       Snake:4 |       0 |   52843 |   0.0 |       0 |      97 |   0.0 |  1333
         Orc:1 |       0 |    4430 |   0.0 |       0 |      18 |   0.0 |   647
         Orc:2 |       0 |   18734 |   0.0 |       0 |      78 |   0.0 |  1601
         Elf:1 |       0 |   34321 |   0.0 |       0 |      52 |   0.0 |  1530
         Elf:2 |       0 |   39829 |   0.0 |       0 |      52 |   0.0 |  1782
         Elf:3 |       0 |   34205 |   0.0 |       0 |      36 |   0.0 |   671
      Depths:1 |       0 |    1278 |   0.0 |       0 |       4 |   0.0 |    54
       Abyss:3 |    1273 |       0 | 100.0 |       3 |       0 | 100.0 |   132
       Abyss:4 |   11653 |       0 | 100.0 |      21 |       0 | 100.0 |   209
         Sewer |       0 |     296 |   0.0 |       0 |      48 |   0.0 |   779
               +---------+---------+-------+---------+---------+-------+---------
